 Dungeon Crawl Stone Soup version 0.21-a0-84-g85d6d27 (webtiles) character file.

306 zhorgal the Cutter (level 6, -15/32 HPs)
             Began as a Vine Stalker Fighter on June 24, 2017.
             Was a Follower of Uskayaw.
             Killed from afar by Ijyb (19 damage)
             ... with a wand of lightning (?/15)
             ... on level 4 of the Dungeon.
             The game lasted 00:07:53 (3749 turns).

zhorgal the Cutter (Vine Stalker Fighter)           Turns: 3749, Time: 00:07:54

Health: -15/32     AC: 11    Str: 20    XL:     6   Next: 39%
Magic:  0/7        EV:  7    Int: 11    God:    Uskayaw [*.....]
Gold:   46         SH:  9    Dex: 14    Spells: 5/5 levels left

rFire    . . .     SeeInvis .   a - +0 rapier
rCold    . . .     Gourm    +   c - +0 shield
rNeg     . . .     Faith    .   b - +0 scale mail
rPois    .         Spirit   +   t - +2 helmet {Int+3}
rElec    .         Reflect  .   (no cloak)
rCorr    .         Harm     .   (no gloves)
MR       .....                  w - +1 pair of boots
Stlth    ..........             l - amulet of the gourmand
HPRegen  0.50/turn              (no ring)
MPRegen  0.10/turn              (no ring)

@: no status effects
A: fangs 2, regeneration 1, magic shield, antimagic bite, no potion heal 3, rot
immunity
a: Stomp, Renounce Religion


You were on level 4 of the Dungeon.
You worshipped Uskayaw.
Uskayaw was noncommittal.
You were not hungry.

You visited 2 branches of the dungeon, and saw 5 of its levels.

You collected 241 gold pieces.
You spent 195 gold pieces at shops.

Inventory:

Hand Weapons
 a - a +0 rapier (weapon)
Missiles
 k - 3 javelins (quivered)
Armour
 b - a +0 scale mail (worn)
 c - a +0 shield (worn)
 t - a +2 helmet of intelligence (worn)
 w - a +1 pair of boots (worn)
Jewellery
 l - an amulet of the gourmand (around neck)
Wands
 r - a wand of digging (14/24)
 s - a wand of polymorph (12/24)
Scrolls
 e - 6 scrolls of identify {unknown}
 h - 4 scrolls of enchant weapon {unknown}
 i - 4 scrolls of remove curse {unknown}
 n - 3 scrolls of blinking {unknown}
 v - a scroll of teleportation {unknown}
Potions
 d - 2 potions of might
 g - 4 potions of curing {unknown}
 j - a potion of brilliance {unknown}
 m - 2 potions of agility {unknown}
 o - a potion of invisibility {unknown}
 p - a potion of ambrosia {unknown}
 u - a potion of mutation {unknown}
Comestibles
 f - 4 bread rations
 q - 4 meat rations


   Skills:
 - Level 2.6 Fighting
 + Level 6.0 Short Blades
 - Level 2.4 Armour
 - Level 2.6 Shields


You had 5 spell levels left.
You didn't know any spells.

Dungeon Overview and Level Annotations

Branches:
Dungeon (4/15)             Temple (1/1) D:4

Altars:
Ashenzari
Cheibriados
Elyvilon
Fedhas
Makhleb
Uskayaw

Shops:
D:4 *

Annotations:
D:4 Blork the orc, Ijyb


Innate Abilities, Weirdness & Mutations

You have extremely sharp teeth.
Your natural rate of healing is unusually fast.
When hurt, damage is shared between your health and your magic reserves.
Your bite disrupts and absorbs the magic of your enemies.
Potions cannot restore your health.
You are immune to rotting.


Message History

Ijyb the Twisted Goblin comes into view.
She is wielding a club.
Ijyb shouts!
MP restored: 7 Blork the orc comes into view.
He is wielding a battleaxe.
There is an open door here.
Blork the orc shouts!
Ijyb zaps a wand.
The bolt of lightning hits you!
It is a wand of lightning (?/15).
There is an open door here.
You take 14 damage, and have 18/32 hp.
MASSIVE DAMAGE!!
You now have 4/7 mp.
Blork the orc casts a spell.
Blork the orc flickers and vanishes!
Deactivating autopickup; reactivate with Ctrl-A.
Ijyb zaps a wand.
The bolt of lightning hits you!
Ouch! That really hurt!
* * * LOW HITPOINT WARNING * * *
You take 17 damage, and have 1/32 hp.
MASSIVE DAMAGE!!
You now have 1/7 mp.
Ijyb zaps a wand.
The bolt of lightning hits you!
Ouch! That really hurt!
You die...

#..#.....#.# #.##.#.#
#....(...#.# #....#.#
#..#######.###...(#.#
#...........##....#+####
##....####..##.##.......
#..∩...................
#....####....<##.......
#..)######.##.##.######
#.....@....##.##.#
#g#####........#.######
#.# #........#....... #.#
#........#.......
###g#####........#......<
#......##........#.###+##
#......##........#+#
#......#######.<...
#......# #......


You could see Ijyb.

Vanquished Creatures
  An ogre (D:4)
  A scorpion (D:4)
  A hound (D:2)
  An iguana (D:4)
  5 adders
  An adder skeleton (D:4)
  3 worms
  2 dart slugs
  A leopard gecko (D:1)
  8 giant cockroaches
  6 goblins
  6 hobgoblins
  6 jackals
  3 kobolds
  2 quokkas (D:3)
  7 bats
  6 frilled lizards
  3 rats
63 creatures vanquished.

Notes
Turn   | Place    | Note
-------+----------+-------------------------------------------
     0 | D:1      | zhorgal the Vine Stalker Fighter began the quest for the Orb.
     0 | D:1      | Reached XP level 1. HP: 11/11 MP: 2/2
    91 | D:1      | Reached skill level 2 in Short Blades
   221 | D:1      | Reached XP level 2. HP: 15/16 MP: 3/3
   454 | D:1      | Reached skill level 3 in Short Blades
   454 | D:1      | Reached XP level 3. HP: 17/19 MP: 4/4
  1471 | D:2      | Found a shattered altar of Ashenzari.
  1482 | D:2      | Gained mutation: Your natural rate of healing is unusually fast. [Vine Stalker growth]
  1482 | D:2      | Reached XP level 4. HP: 23/23 MP: 5/5
  1533 | D:2      | Found a burning altar of Makhleb.
  1544 | D:2      | Reached skill level 4 in Short Blades
  2012 | D:2      | Reached XP level 5. HP: 27/27 MP: 6/6
  2331 | D:3      | Found a snail-covered altar of Cheibriados.
  2610 | D:3      | Found a blossoming altar of Fedhas.
  2679 | D:3      | Found a white marble altar of Elyvilon.
  3093 | D:4      | Found Bimenuann's Assorted Antiques.
  3105 | D:4      | Noticed an ogre
  3115 | D:4      | Killed an ogre
  3115 | D:4      | Reached skill level 5 in Short Blades
  3115 | D:4      | Reached XP level 6. HP: 24/32 MP: 7/7
  3133 | D:4      | Bought a shiny helmet for 195 gold pieces
  3335 | D:4      | Found a staircase to the Ecumenical Temple.
  3347 | Temple   | Entered the Ecumenical Temple
  3365 | Temple   | Became a worshipper of Uskayaw the Reveler
  3627 | D:4      | Reached * piety under Uskayaw
  3633 | D:4      | Reached skill level 6 in Short Blades
  3633 | D:4      | Reached ** piety under Uskayaw
  3738 | D:4      | Noticed Ijyb
  3740 | D:4      | Noticed Blork the orc
  3743 | D:4      | HP: 1/32 [Ijyb/wand of lightning (?/15) (18)]
  3749 | D:4      | Killed from afar by Ijyb

Vault maps used:
D:1:      kilobyte_arrival_exit_the_forest, minmay_domino_2
D:2:      ashenzari_conservatory_becter, makhleb_blood_cavern_becter
D:3:      elyvilon_altar_5, lemuel_coloured_pillars_altar, cheibriados_altar_1
D:4:      minmay_temple_entry_glassed_door, serial_shops, shop_coins, uniq_ijyb,
          uniq_blork_the_orc
Temple:   regret_index_temple_generic_petals

Skill      XL: |  1  2  3  4  5  6 |
---------------+-------------------+-----
Short Blades   | 2 3 4 5 6 |  6.0
Fighting       | |  2.6
Armour         | |  2.4
Shields        | |  2.6

Action                   |  1- 3 |  4- 6 || total
-------------------------+-------+-------++-------
Melee: Rapier            |   101 |   146 ||   247
       Bite              |    32 |    52 ||    84
Throw: Javelin           |     1 |     1 ||     2
  Eat: Chunk             |     1 |    11 ||    12
Armor: Scale mail        |    45 |    45 ||    90
Dodge: Dodged            |    30 |    41 ||    71
Block: Shield            |    50 |    75 ||   125
